 Dungeon Crawl Stone Soup version 0.22-a0-284-g99d1f74 (webtiles) character file.

42 galech the Shield-Bearer (level 3, 0/29 HPs)
             Began as a Human Fighter on Mar 20, 2018.
             Succumbed to an adder's poison
             ... on level 1 of the Dungeon.
             The game lasted 00:01:31 (559 turns).

galech the Shield-Bearer (Human Fighter)             Turns: 559, Time: 00:01:31

Health: 0/29       AC:  6    Str: 21    XL:     3   Next: 77%
Magic:  3/3        EV:  7    Int:  8    God:
Gold:   44         SH: 10    Dex: 16    Spells: 2/2 levels left

rFire    . . .     SeeInvis .   a - +0 war axe
rCold    . . .     Gourm    .   c - +0 shield
rNeg     . . .     Faith    .   b - +0 scale mail
rPois    .         Spirit   .   (no helmet)
rElec    .         Reflect  .   (no cloak)
rCorr    .         Harm     .   (no gloves)
MR       .....                  (no boots)
Stlth    ..........             (no amulet)
HPRegen  0.09/turn              i - +3 ring of dexterity
MPRegen  0.08/turn              (no ring)

@: mighty, lethally poisoned (0 -> -3), very slightly contaminated, invisible
A: no striking features
a: no special abilities


You were on level 1 of the Dungeon.
You were not hungry.

You visited 1 branch of the dungeon, and saw 2 of its levels.

You collected 44 gold pieces.

Inventory:

Hand Weapons
 a - a +0 war axe (weapon)
Armour
 b - a +0 scale mail (worn)
 c - a +0 shield (worn)
Jewellery
 i - a +3 ring of dexterity (left hand)
Scrolls
 e - a scroll of immolation {unknown}
 h - a scroll of identify {unknown}
 j - a scroll of teleportation {unknown}
Comestibles
 f - 2 rations
 g - 2 chunks of flesh


   Skills:
 + Level 3.3 Fighting
 + Level 2.3 Axes
 + Level 3.3 Armour
 + Level 0.3 Dodging
 + Level 3.5 Shields


You had 2 spell levels left.
You didn't know any spells.

Dungeon Overview and Level Annotations

Branches:
Dungeon (2/15)

Altars:


Message History

There is an open door here.
You feel sick. The adder bites you but does no damage.
You feel sick.
You feel sick.
There is a stone staircase leading up here.
The adder bites you.
* * * LOW HITPOINT WARNING * * *
You block the bat's attack. The adder bites you.
* * * LOW HITPOINT WARNING * * *
You climb upwards.
There is a stone staircase leading down here.
It was a potion of invisibility.
You fade into invisibility!
* * * LOW HITPOINT WARNING * * *
You feel sick.
You are very lightly contaminated with residual magic.
You feel very mighty all of a sudden.
There is a lethal amount of poison in your body!
You die...

.........#........###.....#.#####
.......#..#.###....##÷..(.#.#....
######.##.#..###......#####.#.##.
#.##.......#......# #.#..#.
###.##.......#......# #.##.#.
#....#..............####....#.
#.#........).#.........######.
#.#.#...........S...........#÷
###.#..........@.............)..
##.........#...#........#.....###
...#.#.#####...##.............##
.....#.# ##..#..##....)....#.)÷##
.....#.###..###..##.....##.##...#
.....#.##..## ##..##....##.####..
..>..###..## ##..##.#........#.
.....##..## ##..##...........
.#####..###########..#####.......


You could see an adder.

Vanquished Creatures
  3 dart slugs (D:1)
  A leopard gecko (D:1)
  2 giant cockroaches (D:1)
  A goblin (D:1)
  6 hobgoblins
  6 jackals (D:1)
  A ball python (D:1)
  2 bats (D:1)
  4 kobolds (D:1)
  5 rats
31 creatures vanquished.

Notes
Turn   | Place    | Note
-------+----------+-------------------------------------------
     0 | D:1      | galech the Human Fighter began the quest for the Orb.
     0 | D:1      | Reached XP level 1. HP: 18/18 MP: 1/1
    45 | D:1      | Reached XP level 2. HP: 24/24 MP: 2/2
   286 | D:1      | Reached XP level 3. HP: 23/29 MP: 3/3
   553 | D:2      | HP: 1/29 [adder (4)]
   559 | D:1      | Succumbed to an adder's poison

Vault maps used:
D:1:      dpeg_chamrin_arrival_tetris, patterned_corridor
D:2:      minmay_pentomino_r4

Action                   || total
-------------------------++-------
Melee: War axe           ||    77
  Use: Potion            ||     2
Armor: Scale mail        ||    34
Dodge: Dodged            ||    28
Block: Shield            ||    51

Table legend:
 A = Spawn XP
 B = Non-spawn XP
 C = Spawn XP percentage of total XP
 D = Spawn monster count
 E = Non-spawn monster count
 F = Spawn count percentage of total count
 G = Total turns spent on level
                    A         B        C        D         E        F      G
               +---------+---------+-------+---------+---------+-------+---------
         Total |       0 |      60 |   0.0 |       0 |      31 |   0.0 |   559
               +---------+---------+-------+---------+---------+-------+---------
           D:1 |       0 |      55 |   0.0 |       0 |      28 |   0.0 |   512
           D:2 |       0 |       5 |   0.0 |       0 |       3 |   0.0 |    47
               +---------+---------+-------+---------+---------+-------+---------
